TOP OF THE 1ST |
Kane County Cougars batting - Pitching for Hagerstown Suns : RHP Luis Cruz
|
Pitching: RHP Luis Cruz
|
|
Batting: RHB Franklin Villanueva
|
0-0: Called Strike 0-1: Ball 1-1: Foul Ball, location: 2F 1-2: Foul Ball, location: 2F 1-2: Ground out 5-3 (Groundball, 56S, EV 66.3 MPH)
|
Batting: LHB T.J. Duvall
|
0-0: Ball 1-0: Swinging Strike 1-1: Foul Ball, location: 2F 1-2: Foul Ball, location: 2F 1-2: Ball 2-2: Ball 3-2: Fly out, F5 (Popup, 25F, EV 79.4 MPH)
|
Batting: RHB Dave Vargas
|
0-0: Called Strike 0-1: DOUBLE (Flyball, 89D, EV 106.3 MPH)
|
Batting: RHB Marlon Reda
|
0-0: Called Strike 0-1: Ball 1-1: Ball 2-1: Ground out 4-3 (Groundball, 4, EV 98.1 MPH)
|
Top of the 1st over - 0 runs, 1 hit, 0 errors, 1 left on base; Kane County 0 - Hagerstown 0 |
BOTTOM OF THE 1ST |
Hagerstown Suns batting - Pitching for Kane County Cougars : RHP Joey Keim
|
Pitching: RHP Joey Keim
|
|
Batting: RHB Pat Drader
|
0-0: Fly out, F8 (Flyball, 8RD, EV 95.6 MPH)
|
Batting: RHB John McNeill
|
0-0: Ball 1-0: Ball 2-0: Called Strike 2-1: Fly out, F5 (Line Drive, 5, EV 65.0 MPH)
|
Batting: RHB Kevin Wick
|
0-0: Ball 1-0: Called Strike 1-1: Swinging Strike 1-2: Strikes out swinging
|
Bottom of the 1st over - 0 runs, 0 hits, 0 errors, 0 left on base; Kane County 0 - Hagerstown 0 |
TOP OF THE 2ND |
Kane County Cougars batting - Pitching for Hagerstown Suns : RHP Luis Cruz
|
Batting: RHB Matt Maxwell
|
0-0: Ball 1-0: Ball 2-0: Called Strike 2-1: Ball 3-1: Foul Ball, location: 2F 3-2: Base on Balls
|
Batting: RHB John Pena
|
0-0: Grounds into double play, 3-6-1 (Groundball, 3, EV 85.6 MPH)
|
Batting: RHB Wes Santiago
|
0-0: Swinging Strike 0-1: Foul Ball, location: 2F 0-2: Ball 1-2: Ball 2-2: Ball 3-2: Base on Balls
|
Batting: RHB Curt Barrett
|
0-0: Ball 1-0: Foul Ball, location: 2F 1-1: Ball 2-1: SINGLE (Line Drive, 89S, EV 104.4 MPH) Wes Santiago to second
|
Batting: LHB Brian Nielsen
|
0-0: Ball 1-0: Ball 2-0: Called Strike 2-1: Ground out 4-3 (Groundball, 4S, EV 73.8 MPH)
|
Top of the 2nd over - 0 runs, 1 hit, 0 errors, 2 left on base; Kane County 0 - Hagerstown 0 |
BOTTOM OF THE 2ND |
Hagerstown Suns batting - Pitching for Kane County Cougars : RHP Joey Keim
|
Pitching: LHP Wibawa Simbolon
|
|
Batting: RHB Jim Towle
|
0-0: Fly out, F9 (Flyball, 9, EV 97.5 MPH)
|
Batting: RHB Justin Slifka
|
0-0: Hit by Pitch
|
Batting: RHB Felix Torres
|
0-0: Grounds into double play, 5-4-3 (Groundball, 56S, EV 88.1 MPH)
|
Bottom of the 2nd over - 0 runs, 0 hits, 0 errors, 0 left on base; Kane County 0 - Hagerstown 0 |
TOP OF THE 3RD |
Kane County Cougars batting - Pitching for Hagerstown Suns : RHP Luis Cruz
|
Batting: RHB Franklin Villanueva
|
0-0: Swinging Strike 0-1: Ball 1-1: Foul Ball, location: 2F 1-2: Ball 2-2: Foul Ball, location: 2F 2-2: SINGLE (Flyball, 6D, EV 92.5 MPH)
|
Batting: LHB T.J. Duvall
|
0-0: Grounds into double play, 5-4-3 (Groundball, 5, EV 108.8 MPH)
|
Batting: RHB Dave Vargas
|
0-0: Called Strike 0-1: Ball 1-1: Ball 2-1: Swinging Strike 2-2: Foul Ball, location: 2F 2-2: Foul Ball, location: 2F 2-2: Ball 3-2: Fly out, F9 (Flyball, 9D, EV 80.6 MPH)
|
Top of the 3rd over - 0 runs, 1 hit, 0 errors, 0 left on base; Kane County 0 - Hagerstown 0 |
BOTTOM OF THE 3RD |
Hagerstown Suns batting - Pitching for Kane County Cougars : LHP Wibawa Simbolon
|
Batting: SHB Kyle Larson
|
0-0: Swinging Strike 0-1: SINGLE (Groundball, 6MD, EV 97.5 MPH)
|
Batting: RHB Scott Skoglund
|
0-0: Ball 1-0: Ball Passed Ball! Kyle Larson to second 2-0: Ground out 4-3 (Groundball, 4, EV 100.6 MPH) Kyle Larson to third
|
Batting: RHB Bobby Dieter
|
0-0: Ball 1-0: Ball 2-0: Called Strike 2-1: Ball 3-1: Base on Balls
|
Pitching: RHP Andy Jensen
|
|
Batting: RHB Pat Drader
|
0-0: Ball 1-0: Fly out, F5 (Line Drive, 5, EV 66.9 MPH)
|
Batting: RHB John McNeill
|
0-0: Foul Ball, location: 2F 0-1: Foul Ball, location: 2F 0-2: Ball 1-2: SINGLE (Groundball, 4MD, EV 97.5 MPH) Kyle Larson scores Bobby Dieter to second
|
Batting: RHB Kevin Wick
|
0-0: Ground out 5-3 (Groundball, 56, EV 105.0 MPH)
|
Bottom of the 3rd over - 1 run, 2 hits, 0 errors, 2 left on base; Kane County 0 - Hagerstown 1 |
TOP OF THE 4TH |
Kane County Cougars batting - Pitching for Hagerstown Suns : RHP Luis Cruz
|
Batting: RHB Marlon Reda
|
0-0: Ball 1-0: Ground out 5-3 (Groundball, 5, EV 105.0 MPH)
|
Batting: RHB Matt Maxwell
|
0-0: Called Strike 0-1: Swinging Strike 0-2: Ground out 6-3 (Groundball, 6MS, EV 90.6 MPH)
|
Batting: RHB John Pena
|
0-0: Foul Ball, location: 2F 0-1: Foul Ball, location: 2F 0-2: Strikes out swinging
|
Top of the 4th over - 0 runs, 0 hits, 0 errors, 0 left on base; Kane County 0 - Hagerstown 1 |
BOTTOM OF THE 4TH |
Hagerstown Suns batting - Pitching for Kane County Cougars : RHP Andy Jensen
|
Batting: RHB Jim Towle
|
0-0: Called Strike 0-1: Ball 1-1: Ball 2-1: Called Strike 2-2: Foul Ball, location: 2F 2-2: Foul Ball, location: 2F 2-2: Ball 3-2: Base on Balls
|
Batting: RHB Justin Slifka
|
0-0: Ball Jim Towle steals 2nd, throwing error, E2 Jim Towle to third 1-0: Ball 2-0: Called Strike 2-1: Swinging Strike 2-2: Fly out, F4 (Line Drive, 4, EV 70.6 MPH)
|
Batting: RHB Felix Torres
|
0-0: Ball 1-0: Called Strike 1-1: Foul Ball, location: 2F 1-2: Ball 2-2: Foul Ball, location: 2F 2-2: SINGLE (Line Drive, 5L, EV 96.9 MPH) Jim Towle scores
|
Batting: SHB Kyle Larson
|
0-0: Called Strike 0-1: Foul Ball, location: 2F 0-2: Foul Ball, location: 2F 0-2: Strikes out swinging
|
Batting: RHB Scott Skoglund
|
0-0: Ball 1-0: Ball 2-0: Called Strike 2-1: Foul Ball, location: 2F 2-2: Strikes out swinging
|
Bottom of the 4th over - 1 run, 1 hit, 1 error, 1 left on base; Kane County 0 - Hagerstown 2 |
TOP OF THE 5TH |
Kane County Cougars batting - Pitching for Hagerstown Suns : RHP Luis Cruz
|
Batting: RHB Wes Santiago
|
0-0: Foul Ball, location: 2F 0-1: Ball 1-1: Foul Ball, location: 2F 1-2: SINGLE (Groundball, 56, EV 107.5 MPH) (infield hit)
|
Batting: RHB Curt Barrett
|
0-0: Ball 1-0: Ball 2-0: Ball 3-0: Base on Balls Wes Santiago to second
|
Batting: LHB Brian Nielsen
|
0-0: DOUBLE (Line Drive, 9LS, EV 111.9 MPH) Wes Santiago scores Curt Barrett to third
|
Batting: RHB Franklin Villanueva
|
0-0: Called Strike 0-1: Foul Ball, location: 2F 0-2: Foul Ball, location: 2F 0-2: Ground out 5-3 (Groundball, 5, EV 80.0 MPH)
|
Batting: LHB T.J. Duvall
|
0-0: Ball 1-0: Ball 2-0: DOUBLE (Flyball, 78XD, EV 93.8 MPH) Curt Barrett scores Brian Nielsen scores
|
Batting: RHB Dave Vargas
|
0-0: Called Strike 0-1: Called Strike 0-2: Foul Ball, location: 2F 0-2: Ball 1-2: Foul Ball, location: 2F 1-2: Ball 2-2: Ball 3-2: Fly out, F8 (Flyball, 78M, EV 79.4 MPH)
|
Batting: RHB Marlon Reda
|
0-0: SINGLE (Groundball, 13S, EV 65.0 MPH) (infield hit) T.J. Duvall to third
|
Batting: RHB Matt Maxwell
|
0-0: DOUBLE (Line Drive, 9LM, EV 101.3 MPH) T.J. Duvall scores Marlon Reda to third
|
Batting: RHB John Pena
|
0-0: Called Strike 0-1: Ball 1-1: Foul Ball, location: 2F 1-2: Ground out U3 (Groundball, 3L, EV 83.1 MPH)
|
Top of the 5th over - 4 runs, 5 hits, 0 errors, 2 left on base; Kane County 4 - Hagerstown 2 |
BOTTOM OF THE 5TH |
Hagerstown Suns batting - Pitching for Kane County Cougars : RHP Andy Jensen
|
Batting: RHB Bobby Dieter
|
0-0: Foul Ball, location: 2F 0-1: SINGLE (Groundball, 56S, EV 65.6 MPH) (infield hit)
|
Batting: RHB Pat Drader
|
0-0: Fielders Choice at 2nd, 5-4 (Groundball, 5, EV 86.3 MPH)
|
Batting: RHB John McNeill
|
0-0: Ball 1-0: Ball 2-0: Called Strike 2-1: Foul Ball, location: 2F 2-2: Foul Ball, location: 2F 2-2: Reached on error, E3 (Groundball, 3, EV 87.5 MPH) Pat Drader to second
|
Batting: RHB Kevin Wick
|
0-0: Called Strike 0-1: Called Strike 0-2: Foul Ball, location: 2F 0-2: Foul Ball, location: 2F 0-2: Foul Ball, location: 2F 0-2: Ball 1-2: Ball 2-2: Foul Ball, location: 2F 2-2: Strikes out swinging
|
Batting: RHB Jim Towle
|
0-0: Called Strike 0-1: Foul Ball, location: 2F 0-2: Ball 1-2: Foul Ball, location: 2F 1-2: Ball 2-2: Fielders Choice at 2nd, 6-4 (Groundball, 6, EV 87.5 MPH)
|
Bottom of the 5th over - 0 runs, 1 hit, 1 error, 2 left on base; Kane County 4 - Hagerstown 2 |
TOP OF THE 6TH |
Kane County Cougars batting - Pitching for Hagerstown Suns : RHP Luis Cruz
|
Batting: RHB Wes Santiago
|
0-0: Ball 1-0: Ball 2-0: Ball 3-0: Called Strike 3-1: Ground out 5-3 (Groundball, 56S, EV 90.0 MPH)
|
Batting: RHB Curt Barrett
|
0-0: Called Strike 0-1: Ball 1-1: Swinging Strike 1-2: Foul Ball, location: 2F 1-2: Foul Ball, location: 2F 1-2: SINGLE (Flyball, 89S, EV 94.4 MPH)
|
Batting: LHB Brian Nielsen
|
0-0: Ball 1-0: SINGLE (Groundball, 56, EV 102.5 MPH) Curt Barrett to second
|
Pitching: RHP Gilberto Ricalde
|
|
Batting: RHB Franklin Villanueva
|
0-0: Ball 1-0: Swinging Strike 1-1: Ball 2-1: Swinging Strike 2-2: Strikes out looking
|
Batting: LHB T.J. Duvall
|
0-0: Called Strike 0-1: Ball 1-1: Ball 2-1: Ball 3-1: Fly out, F8 (Flyball, 8RD, EV 101.9 MPH)
|
Top of the 6th over - 0 runs, 2 hits, 0 errors, 2 left on base; Kane County 4 - Hagerstown 2 |
BOTTOM OF THE 6TH |
Hagerstown Suns batting - Pitching for Kane County Cougars : RHP Andy Jensen
|
Batting: RHB Justin Slifka
|
0-0: Ground out 6-3 (Groundball, 6, EV 81.9 MPH)
|
Batting: RHB Felix Torres
|
0-0: Ball 1-0: Called Strike 1-1: Ball 2-1: SOLO HOME RUN (Line Drive, 7D, EV 98.1 MPH), Distance : 393 ft
|
Pitching: RHP Nate Bixler
|
|
Batting: SHB Kyle Larson
|
0-0: Ball 1-0: Ball 2-0: Called Strike 2-1: Swinging Strike 2-2: Foul Ball, location: 2F 2-2: Strikes out swinging
|
Batting: RHB Scott Skoglund
|
0-0: Foul Ball, location: 2F 0-1: Swinging Strike 0-2: Foul Ball, location: 2F 0-2: Strikes out swinging
|
Bottom of the 6th over - 1 run, 1 hit, 0 errors, 0 left on base; Kane County 4 - Hagerstown 3 |
TOP OF THE 7TH |
Kane County Cougars batting - Pitching for Hagerstown Suns : RHP Gilberto Ricalde
|
Batting: RHB Dave Vargas
|
0-0: Called Strike 0-1: Swinging Strike 0-2: Strikes out swinging
|
Batting: RHB Marlon Reda
|
0-0: Ball 1-0: Swinging Strike 1-1: Ball 2-1: Ball 3-1: SINGLE (Flyball, 4D, EV 92.5 MPH)
|
Batting: RHB Matt Maxwell
|
0-0: Called Strike 0-1: Swinging Strike 0-2: Ball 1-2: Ball 2-2: SINGLE (Flyball, 9LS, EV 91.3 MPH) Marlon Reda to second
|
Batting: RHB John Pena
|
0-0: Grounds into double play, 4-6-3 (Groundball, 4, EV 86.3 MPH)
|
Top of the 7th over - 0 runs, 2 hits, 0 errors, 1 left on base; Kane County 4 - Hagerstown 3 |
BOTTOM OF THE 7TH |
Hagerstown Suns batting - Pitching for Kane County Cougars : RHP Nate Bixler
|
Pitching: LHP Justin Martin
|
|
Batting: RHB Bobby Dieter
|
0-0: Ball 1-0: Called Strike 1-1: Ball 2-1: Ground out U3 (Groundball, 34, EV 105.0 MPH)
|
Batting: RHB Pat Drader
|
0-0: Ball 1-0: Ball 2-0: Ball 3-0: Base on Balls
|
Batting: RHB John McNeill
|
0-0: Ball Pat Drader steals 2nd base (no throw) 1-0: Foul Ball, location: 2F 1-1: Ball 2-1: DOUBLE (Line Drive, 78M, EV 93.8 MPH) Pat Drader scores
|
Batting: RHB Kevin Wick
|
0-0: Ball 1-0: Ball 2-0: DOUBLE (Groundball, 5L, EV 108.1 MPH) John McNeill scores
|
Batting: RHB Jim Towle
|
0-0: Intentional Walk
|
Batting: RHB Justin Slifka
|
0-0: Ball 1-0: Ball 2-0: Ball 3-0: Base on Balls Kevin Wick to third Jim Towle to second
|
Pitching: LHP Robert Fuentes
|
|
Batting: RHB Felix Torres
|
0-0: Ball 1-0: Ball 2-0: Ball 3-0: Called Strike 3-1: Base on Balls Kevin Wick scores Jim Towle to third Justin Slifka to second
|
Batting: SHB Kyle Larson
|
0-0: Ball 1-0: Fielders Choice at 2nd, 5-4 (Groundball, 56, EV 89.4 MPH) Jim Towle scores Justin Slifka to third
|
Batting: RHB Scott Skoglund
|
0-0: Ball 1-0: Called Strike 1-1: SINGLE (Line Drive, 6MD, EV 104.4 MPH) Justin Slifka scores Kyle Larson to second
|
Batting: RHB Bobby Dieter
|
0-0: Ball 1-0: Ball 2-0: Ball 3-0: Called Strike 3-1: Foul Ball, location: 2F 3-2: Ground out 6-3 (Groundball, 4M, EV 103.1 MPH)
|
Bottom of the 7th over - 5 runs, 3 hits, 0 errors, 2 left on base; Kane County 4 - Hagerstown 8 |
TOP OF THE 8TH |
Kane County Cougars batting - Pitching for Hagerstown Suns : RHP Gilberto Ricalde
|
Pitching: RHP Steve Barnes
|
|
Batting: RHB Wes Santiago
|
0-0: Called Strike 0-1: Foul Ball, location: 2F 0-2: Foul Ball, location: 2F 0-2: Ball 1-2: Strikes out swinging
|
Batting: RHB Curt Barrett
|
0-0: Fly out, F8 (Flyball, 8RS, EV 95.0 MPH)
|
Batting: LHB Brian Nielsen
|
0-0: Ball 1-0: Foul Ball, location: 2F 1-1: Ground out 6-3 (Groundball, 56, EV 80.0 MPH)
|
Top of the 8th over - 0 runs, 0 hits, 0 errors, 0 left on base; Kane County 4 - Hagerstown 8 |
BOTTOM OF THE 8TH |
Hagerstown Suns batting - Pitching for Kane County Cougars : LHP Robert Fuentes
|
Pitching: LHP Yorihiko Honda
|
|
Batting: RHB Pat Drader
|
0-0: Called Strike 0-1: Foul Ball, location: 2F 0-2: Foul Ball, location: 2F 0-2: Foul Ball, location: 2F 0-2: Ball 1-2: SINGLE (Groundball, 6MD, EV 95.0 MPH)
|
Batting: RHB John McNeill
|
0-0: Called Strike 0-1: Bunted foul 0-2: Fielders Choice at 2nd, 4-6 (Groundball, 34, EV 80.0 MPH)
|
Batting: RHB Kevin Wick
|
0-0: Called Strike 0-1: Ball 1-1: Called Strike 1-2: Ball 2-2: Foul Ball, location: 2F 2-2: Ball John McNeill is caught stealing 2nd base 2-4 3-2: Base on Balls
|
Batting: RHB Jim Towle
|
0-0: Ball Passed Ball! Kevin Wick to second 1-0: Foul Ball, location: 2F 1-1: Ball 2-1: Called Strike 2-2: Ball 3-2: Strikes out swinging
|
Bottom of the 8th over - 0 runs, 1 hit, 0 errors, 1 left on base; Kane County 4 - Hagerstown 8 |
TOP OF THE 9TH |
Kane County Cougars batting - Pitching for Hagerstown Suns : RHP Steve Barnes
|
Batting: RHB Franklin Villanueva
|
0-0: Called Strike 0-1: Ball 1-1: Ground out 6-3 (Groundball, 6, EV 85.6 MPH)
|
Batting: LHB T.J. Duvall
|
0-0: Foul Ball, location: 2F 0-1: Swinging Strike 0-2: Ball 1-2: Ball 2-2: Ball 3-2: Strikes out swinging
|
Batting: RHB Dave Vargas
|
0-0: Called Strike 0-1: Ball 1-1: Foul Ball, location: 2F 1-2: Foul Ball, location: 2F 1-2: Strikes out looking
|
Top of the 9th over - 0 runs, 0 hits, 0 errors, 0 left on base; Kane County 4 - Hagerstown 8 |
|